 Dungeon Sprint DCSS version 0.29-a0-789-g7a8fcbc185 (webtiles) character file.

Game seed: 8304119384332290168

25176 mhtbhm the Ninja (level 12, -3/60 HPs)
             Began as a Spriggan Enchanter on July 3, 2022.
             Was the Champion of Dithmenos.
             Shot with an arrow by a deep elf master archer (27 damage)
             ... in the Dungeon (Sprint I: "Red Sonja").
             The game lasted 00:15:03 (3166 turns).

mhtbhm the Ninja (Spriggan Enchanter)               Turns: 3166, Time: 00:15:03

Health: -3/60      AC:  3    Str:  8    XL:     12   Next: 87%
Magic:  19/33      EV: 27    Int: 18    God:    Dithmenos [******]
Gold:   724        SH:  0    Dex: 19    Spells: 19/44 levels left

rFire   + . .      SeeInvis +   a - +6 rapier (flame)
rCold   . . .      Faith    .   (no shield)
rNeg    . . .      Spirit   .   b - +2 robe {rF+}
rPois   .          Reflect  .   (helmet restricted)
rElec   .          Harm     .   (no cloak)
rCorr   .          Rampage  .   (gloves unavailable)
Will    ++...      Rage     3%  (boots unavailable) Stlth *********+ NoTele +
                                (no amulet)
HPRegen 0.20/turn               u - +6 ring of strength
MPRegen 0.23/turn               (no ring)

@: wreathed by umbra, very quick
A: very small, no large weapons, unfitting armour, see invisible, speed 3,
berserk 1, deformed body, weak 1
a: Renounce Religion, Shadow Step, Shadow Form


You were in the Dungeon.
You worshipped Dithmenos.
Dithmenos was exalted by your worship.
You visited 1 branch You collected 3532 gold pieces.
You spent 2808 gold pieces at shops.

Inventory:

Hand Weapons
 a - a +6 rapier of flaming (weapon)
Missiles
 l - 2 curare-tipped darts (quivered)
 y - 3 atropa-tipped darts
Armour
 b - a +2 robe of fire resistance (worn)
 x - a +2 robe of cold resistance
 D - a +2 robe of willpower
Jewellery
 s - an amulet of faith
 u - a +6 ring of strength (left hand)
Wands
 h - a wand of flame (7)
 A - a wand of mindburst (11)
Scrolls
 i - 6 scrolls of blinking
 m - a scroll of enchant armour
 n - a scroll of fog
 r - 2 scrolls of poison
 t - a scroll of amnesia
 v - a scroll of vulnerability
 B - a scroll of silence
 C - a scroll of immolation {unknown}
Potions
 c - 2 potions of invisibility
 d - 5 potions of curing
 e - a potion of heal wounds
 f - a potion of haste
 g - 2 potions of magic
 o - a potion of might
 G - a potion of attraction {unknown}
 H - a potion of cancellation {unknown}
 I - a potion of berserk rage
 J - a potion of resistance
 L - a potion of lignification {unknown}
 M - a potion of ambrosia {unknown}
Miscellaneous
 p - a lightning rod (4/4)


   Skills:
 + Level 5.2 Fighting
 + Level 13.3 Short Blades
 + Level 0.2 Throwing
 + Level 13.1 Dodging
 O Level 27 Stealth
 + Level 16.5 Spellcasting
 + Level 3.3 Conjurations
 + Level 19.8 Hexes
 + Level 6.1 Ice Magic
 + Level 4.9 Invocations
 + Level 4.5 Evocations


You had 19 spell levels left.
You knew the following spells:

 Your Spells              Type           Power      Damage    Failure   Level
a - Ensorcelled Hibernat  Hex/Ice        100%       N/A       1%          2
b - Confusing Touch       Hex            72%        N/A       0%          3
c - Tukima's Dance        Hex            72%        N/A       0%          3
d - Dazzling Flash        Conj/Hex       100%       N/A       1%          3
e - Wereblood             Tmut           14%        N/A       6%          2
f - Enfeeble              Hex            36%        N/A       1%          7
g - Yara's Violent Unrav  Hex/Tmut       25%        3d11      1%          5

Your spell library contained the following spells:

 Spells                   Type           Power      Damage    Failure   Level
 Slow                     Hex            100%       N/A       0%          1
 Anguish                  Hex/Necr       25%        N/A       1%          4
 Summon Mana Viper        Hex/Summ       50%        N/A       1%          5
 Beastly Appendage        Tmut           28%        N/A       4%          1
 Spider Form              Tmut/Pois      14%        N/A       12%         3
 Ozocubu's Refrigeration  Ice            18%        4d8       95%         7


Dungeon Overview and Level Annotations

Branches:
Dungeon (1/1)

Altars:
Cheibriados
Dithmenos
Elyvilon
Fedhas
Gozag
Hepliaklqana
Kikubaaqudgha
Makhleb
Nemelex Xobeh
Okawaru
Qazlal
Ru
Sif Muna
Trog
Uskayaw
Vehumet
Wu Jian
Xom
Yredelemnul
Zin
The Shining One
Jiyva
Lugonu

Shops:
D ==**[=*([(:[?*?***([[(

Annotations:
D Tiamat


Innate Abilities, Weirdness & Mutations

You are very small and have problems with some larger weapons.
You are too small for most types of armour.
You have supernaturally acute eyesight. (SInv)
You cover ground extremely quickly. (Speed+++)
You sometimes lose your temper in combat.
Armour fits poorly on your strangely shaped body.
You are weak. (Str -2)


Message History

Casting: Ensorcelled Hibernation (safe; 1% risk of failure)
Confirm with . or Enter, or press ? or * to list all spells.
Aiming: Ensorcelled Hibernation (safe; 1% risk of failure)
Press: ? - help, Shift-Dir - straight line, f/p - deep elf master archer
Aim: a deep elf master archer, wielding a +0 longbow, wearing a +0 leather armour and wearing an amulet of regeneration (umbra, chance to affect: 10%)
Okay, then.
Casting: Ensorcelled Hibernation (safe; 1% risk of failure)
Confirm with . or Enter, or press ? or * to list all spells.
Okay, then.
Casting: Ensorcelled Hibernation (safe; 1% risk of failure)
Confirm with . or Enter, or press ? or * to list all spells.
Casting: Dazzling Flash (safe; 1% risk of failure)
Press: ? - help, Dir - look around, f - activate Look: a deep elf master archer, wielding a +0 longbow, wearing a +0 leather armour and wearing an amulet of regeneration (umbra, chance to dazzle: 35%)
The deep elf master archer shoots an arrow.
The arrow hits you!!
Ouch! That really hurt!
You emit a cloud of dark smoke.
The deep elf master archer shoots an arrow.
The arrow completely misses you.
Unknown command.
Casting: Dazzling Flash (safe; 1% risk of failure)
Confirm with . or Enter, or press ? or * to list all spells.
Casting: Dazzling Flash (safe; 1% risk of failure)
Press: ? - help, Dir - look around, f - activate The deep elf master archer shoots an arrow.
The arrow completely misses you.
The deep elf master archer shoots an arrow.
The arrow closely misses you.
Unknown command.
Unknown command.
Casting: Dazzling Flash (safe; 1% risk of failure)
Confirm with . or Enter, or press ? or * to list all spells.
Casting: Dazzling Flash (safe; 1% risk of failure)
Press: ? - help, Dir - look around, f - activate The deep elf master archer shoots an arrow.
The arrow completely misses you.
The deep elf master archer shoots an arrow.
The arrow hits you!!
You die...

#####...####,#≈≈≈≈##....(.##°○,*
..)...###,,,,#≈≈≈≈≈########○.°,*
..#####,^,,####≈≈≈≈#≈≈≈≈≈#..°.,*
.##^,,,,,,,#..#'†≈≈'≈≈.≈≈○...○,*
##,,,,,,^,,#...##≈≈#≈≈≈≈°#≈≈≈,,*
#,,,,,,,,,,#....######'###**≈≈≈*
#****,,,,,,#....#≈≈≈≈≈≈≈≈≈≈#*≈≈*
≈≈≈.*,,,,,,#######≈≈≈≈≈≈≈≈≈≈≈≈≈*
####*,,^,,^',,#§@e...≈≈≈≈≈≈≈#≈≈*
'.,^,,,,,,,#=}§§§#........≈≈≈#≈*
###********###################**


You could see a deep elf master archer.

Vanquished Creatures
  the Lernaean hydra (D)
  A golden dragon (D)
  A shadow dragon (D)
  4 fire giants (D)
  A deep elf annihilator (D)
  A mummy priest (D)
  A hydra (D)
  2 centaur warriors (D)
  Sonja (D)
  A deep troll (D)
  A lindwurm (D)
  2 oklob plants (D)
  8 shining eyes (D)
  A merfolk siren (D)
  7 unseen horrors (D)
  4 demonic crawlers (D)
  2 gargoyles (D)
  2 kobold demonologists (D)
  A slime creature (D)
  4 hornets (D)
  Sigmund (D)
  A yak (D)
  13 hogs (D)
  2 redbacks (D)
  7 floating eyes (D)
  An ogre (D)
  7 necrophages (D)
  8 jellies (D)
  Ijyb (D)
  A ballistomycete spore (D)
88 creatures vanquished.

Vanquished Creatures (others)
  A merfolk siren (D)
  A hornet (D)
  A ballistomycete spore (D)
3 creatures vanquished.

Grand Total: 91 creatures vanquished

Notes
Turn   | Place    | Note
-------+----------+-------------------------------------------
     0 | D        | mhtbhm the Spriggan Enchanter began the quest for the Orb.
     0 | D        | Reached XP level 1. HP: 9/9 MP: 5/5
     1 | D        | Noticed Ijyb
    13 | D        | Killed Ijyb
    14 | D        | Reached skill level 6 in Stealth
    14 | D        | Reached skill level 5 in Hexes
    14 | D        | Reached XP level 2. HP: 9/13 MP: 5/7
   180 | D        | Learned a level 2 spell: Ensorcelled Hibernation
   181 | D        | Noticed an ogre
   183 | D        | Killed an ogre
   184 | D        | Reached skill level 8 in Stealth
   184 | D        | Reached XP level 3. HP: 16/16 MP: 8/10
   184 | D        | Reached XP level 4. HP: 21/21 MP: 8/11
   212 | D        | Noticed Sigmund
   216 | D        | Killed Sigmund
   217 | D        | Reached skill level 11 in Stealth
   217 | D        | Reached skill level 10 in Hexes
   217 | D        | Reached XP level 5. HP: 23/24 MP: 9/14
   255 | D        | Found an ornate altar of the Wu Jian Council.
   255 | D        | Found a shimmering blue altar of Sif Muna.
   257 | D        | Found a radiant altar of Vehumet.
   262 | D        | Reached XP level 6. HP: 28/28 MP: 16/16
   263 | D        | Found Feafoaso's Assorted Antiques.
   263 | D        | Found an ancient bone altar of Kikubaaqudgha.
   263 | D        | Found a hazy altar of Hepliaklqana.
   263 | D        | Found a stormy altar of Qazlal.
   263 | D        | Found a hide-covered altar of Uskayaw.
   263 | D        | Found a blossoming altar of Fedhas.
   263 | D        | Found a bloodstained altar of Trog.
   263 | D        | Found an iron altar of Okawaru.
   263 | D        | Found a basalt altar of Yredelemnul.
   263 | D        | Found a glowing golden altar of the Shining One.
   263 | D        | Found a snail-covered altar of Cheibriados.
   263 | D        | Found a sacrificial altar of Ru.
   263 | D        | Found a glowing silver altar of Zin.
   263 | D        | Found a shadowy altar of Dithmenos.
   263 | D        | Found a white marble altar of Elyvilon.
   263 | D        | Noticed a yak
   264 | D        | Found an opulent altar of Gozag.
   265 | D        | Killed a yak
   266 | D        | Reached skill level 13 in Stealth
   266 | D        | Found a sparkling altar of Nemelex Xobeh.
   273 | D        | Became a worshipper of Dithmenos the Shadowed
   315 | D        | Found a burning altar of Makhleb.
   315 | D        | Found a viscous altar of Jiyva.
   315 | D        | Found a shimmering altar of Xom.
   315 | D        | Found a corrupted altar of Lugonu.
   315 | D        | Noticed a slime creature
   318 | D        | Killed a slime creature
   319 | D        | Reached skill level 14 in Stealth
   319 | D        | Reached XP level 7. HP: 32/32 MP: 19/19
   358 | D        | Learned a level 3 spell: Confusing Touch
   362 | D        | Learned a level 3 spell: Tukima's Dance
   366 | D        | Learned a level 3 spell: Dazzling Flash
   368 | D        | Noticed Sonja
   372 | D        | Killed Sonja
   373 | D        | Reached skill level 17 in Stealth
   373 | D        | Reached XP level 8. HP: 36/36 MP: 21/21
   391 | D        | Found Daweson's Jewellery Boutique.
   413 | D        | Noticed a deep troll
   417 | D        | Killed a deep troll
   417 | D        | Reached * piety under Dithmenos
   418 | D        | Reached skill level 18 in Stealth
   427 | D        | Found Enoboyri's Armour Emporium.
   560 | D        | Noticed a kobold demonologist
   561 | D        | Noticed a kobold demonologist
   564 | D        | Killed a kobold demonologist
   565 | D        | Reached skill level 19 in Stealth
   565 | D        | Reached XP level 9. HP: 39/39 MP: 23/23
   566 | D        | Killed a kobold demonologist
   566 | D        | Reached ** piety under Dithmenos
   598 | D        | Noticed a centaur warrior
   598 | D        | Noticed a centaur warrior
   603 | D        | Killed a centaur warrior
   604 | D        | Reached skill level 21 in Stealth
   604 | D        | Reached skill level 15 in Hexes
   604 | D        | Killed a centaur warrior
   605 | D        | Reached skill level 10 in Dodging
   605 | D        | Reached skill level 10 in Spellcasting
   618 | D        | Reached skill level 22 in Stealth
   804 | D        | Noticed an oklob plant
   806 | D        | Killed an oklob plant
   806 | D        | Reached *** piety under Dithmenos
   807 | D        | Reached skill level 5 in Short Blades
   807 | D        | Reached XP level 10. HP: 44/44 MP: 25/25
   841 | D        | Reached skill level 1 in Fighting
   841 | D        | Reached skill level 23 in Stealth
   842 | D        | Reached **** piety under Dithmenos
   888 | D        | Reached skill level 24 in Stealth
   893 | D        | Reached ***** piety under Dithmenos
   939 | D        | Learned a level 2 spell: Wereblood
   941 | D        | Found Raphe's Antique Weapon Shoppe.
   941 | D        | Found Basicsap's Assorted Antiques.
   941 | D        | Found Xomaroas's Armour Boutique.
   943 | D        | Found Jaehyll's Weapon Emporium.
   943 | D        | Found Imoophir's Book Shop.
   943 | D        | Found Bokhloagh's Armour Shoppe.
   943 | D        | Found Lexosav's Magic Scroll Boutique.
   943 | D        | Found Ymazxupy's General Store.
   943 | D        | Found Havampin's Magic Scroll Shop.
   943 | D        | Found Bosozai's Assorted Antiques.
   947 | D        | Found Xota's Assorted Antiques.
   948 | D        | Found Zarujot's Antique Weapon Emporium.
   948 | D        | Found Ridusesh's General Store.
   949 | D        | Found Lamuitz's Antique Armour Emporium.
   951 | D        | Bought a book of Misfortune for 396 gold pieces
   972 | D        | Bought a scroll of blinking for 187 gold pieces
   973 | D        | Bought a scroll of fog for 26 gold pieces
   975 | D        | Bought a scroll of blinking for 105 gold pieces
  1027 | D        | Bought a lightning rod (4/4) for 480 gold pieces
  1029 | D        | Bought an encrusted ivory wand for 64 gold pieces
  1065 | D        | Noticed a gargoyle
  1067 | D        | Reached ****** piety under Dithmenos
  1108 | D        | Reached skill level 25 in Stealth
  1108 | D        | Reached skill level 1 in Ice Magic
  1120 | D        | Killed a gargoyle
  1282 | D        | Reached skill level 1 in Conjurations
  1320 | D        | Noticed a lindwurm
  1322 | D        | Killed a lindwurm
  1323 | D        | Reached skill level 26 in Stealth
  1346 | D        | Reached XP level 11. HP: 42/50 MP: 27/27
  1549 | D        | Noticed a 12-headed hydra
  1551 | D        | Killed a 12-headed hydra
  1552 | D        | Reached skill level 27 in Stealth
  1621 | D        | Noticed a shadow dragon
  1621 | D        | Noticed a golden dragon
  1625 | D        | Identified the +5 plate armour "Udiom" {rElec rF- Will++
                  | Int+3}
  1626 | D        | Killed a golden dragon
  1627 | D        | Killed a shadow dragon
  1628 | D        | Reached skill level 1 in Invocations
  1688 | D        | Found Oroix's Weapon Shoppe.
  1731 | D        | Bought 3 atropa-tipped darts for 25 gold pieces
  1768 | D        | Noticed a daeva
  1775 | D        | Reached skill level 10 in Short Blades
  1924 | D        | Noticed a fire giant
  1925 | D        | Noticed a fire giant
  1925 | D        | Noticed a fire giant
  1925 | D        | Noticed a fire giant
  1926 | D        | Killed a fire giant
  1928 | D        | Killed a fire giant
  1929 | D        | Reached XP level 12. HP: 54/58 MP: 25/31
  1930 | D        | Killed a fire giant
  1932 | D        | Killed a fire giant
  1933 | D        | Reached skill level 15 in Spellcasting
  1954 | D        | Found the +4 dragonskin cloak
  1954 | D        | Noticed Tiamat
  2074 | D        | Reached skill level 5 in Ice Magic
  2084 | D        | Gained mutation: You are weak. (Str -2) [a shining eye]
  2086 | D        | Gained mutation: You have hidden genetic defects. [a
                  | shining eye]
  2101 | D        | Gained mutation: Potions are less effective at restoring
                  | your health. [a shining eye]
  2103 | D        | Gained mutation: You sometimes lose your temper in combat.
                  | [a shining eye]
  2119 | D        | Gained mutation: You have a pair of small horns on your
                  | head. [a shining eye]
  2120 | D        | Gained mutation: Your system is resistant to poisons.
                  | (rPois) [a shining eye]
  2139 | D        | Found Jokijis's Armour Shop.
  2139 | D        | Found Plog's Jewellery Shoppe.
  2139 | D        | Found Mydeosig's Jewellery Boutique.
  2139 | D        | Found Keell's General Store.
  2147 | D        | Gained mutation: You occasionally lose the ability to drink
                  | potions when taking damage. [hidden defects]
  2244 | D        | Bought a scroll labelled WUISTY OCSAIGE for 16 gold pieces
  2244 | D        | Bought 2 scrolls labelled WUISTY OCSAIGE for 32 gold pieces
  2244 | D        | Bought a scroll labelled RUOSUQ HECA for 16 gold pieces
  2244 | D        | Bought a scroll labelled OMEEGG TUTUSCHAASU for 16 gold
                  | pieces
  2244 | D        | Bought a scroll labelled IBOSIFUTES for 16 gold pieces
  2244 | D        | Bought a runed robe for 59 gold pieces
  2291 | D        | Bought a scroll labelled QILAMOAPLU for 28 gold pieces
  2291 | D        | Bought a glowing cyan potion for 25 gold pieces
  2291 | D        | Bought a white potion for 25 gold pieces
  2291 | D        | Bought a scroll of blinking for 210 gold pieces
  2291 | D        | Bought a blue potion for 25 gold pieces
  2291 | D        | Bought a scroll labelled QILAMOAPLU for 28 gold pieces
  2305 | D        | Learned a level 7 spell: Enfeeble
  2311 | D        | Learned a level 5 spell: Yara's Violent Unravelling
  2312 | D        | Bought a potion of berserk rage for 60 gold pieces
  2312 | D        | Bought a scroll of enchant weapon for 90 gold pieces
  2312 | D        | Bought a potion of resistance for 120 gold pieces
  2313 | D        | Bought a scroll of enchant weapon for 97 gold pieces
  2313 | D        | Bought a scroll of summoning for 123 gold pieces
  2313 | D        | Bought a scroll of enchant armour for 97 gold pieces
  2313 | D        | Bought a scroll of identify for 26 gold pieces
  2313 | D        | Bought a scroll of identify for 26 gold pieces
  2315 | D        | Bought a grey potion for 24 gold pieces
  2315 | D        | Bought a scroll labelled DAUGIT WODUTH for 27 gold pieces
  2315 | D        | Bought a bubbling sapphire potion for 24 gold pieces
  2317 | D        | Bought a scroll of identify for 28 gold pieces
  2317 | D        | Bought a scroll of blinking for 105 gold pieces
  2435 | D        | Bought a potion of berserk rage for 70 gold pieces
  2435 | D        | Bought a potion of invisibility for 112 gold pieces
  2535 | D        | Noticed a deep elf annihilator
  2535 | D        | Noticed a mummy priest
  2772 | D        | Killed a deep elf annihilator
  2773 | D        | Reached skill level 1 in Evocations
  2825 | D        | Killed a mummy priest
  2827 | D        | Reached skill level 5 in Fighting
  2832 | D        | Got Kihuiz's Disquisition on the Glacier and Execration
  2932 | D        | Lost mutation: You occasionally lose the ability to drink
                  | potions when taking damage. [potion of mutation]
  2932 | D        | Lost mutation: You have a pair of small horns on your head.
                  | [potion of mutation]
  2932 | D        | Lost mutation: Potions are less effective at restoring your
                  | health. [potion of mutation]
  2932 | D        | Lost mutation: Your system is resistant to poisons. (rPois)
                  | [potion of mutation]
  2938 | D        | Noticed the 27-headed Lernaean hydra
  3008 | D        | Killed the 27-headed Lernaean hydra
  3026 | D        | Gained mutation: Armour fits poorly on your strangely
                  | shaped body. [hidden defects]
  3026 | D        | Lost mutation: You have hidden genetic defects. [hidden
                  | defects expressed]
  3160 | D        | Noticed a deep elf master archer
  3166 | D        | Shot with an arrow by a deep elf master archer

Illustrated notes

Levels and vault maps discovered:
D:        dungeon_sprint_1 [red_sonja_temple_1, red_sonja_temple_small_1]

Skill      XL: |  1  2  3  4  5  6  7  8  9 10 11 12 |
---------------+-------------------------------------+-----
Dodging        | 3 4 6 7 8 9 10 11 12 13 | 13.1
Stealth        | 6 8 11 14 17 19 22 26 27 | 27.0
Spellcasting   | 3 4 6 7 8 9 10 11 14 16 | 16.5
Hexes          | 5 7 10 12 13 14 16 18 19 | 19.8
Short Blades   | 2 3 5 7 10 13 | 13.3
Fighting       | 2 4 5 |  5.2
Ice Magic      | 1 4 6 |  6.1
Conjurations   | 1 3 |  3.3
Invocations    | 1 4 |  4.9
Evocations     | 4 |  4.5
Throwing       | |  0.2

Action                   |  1- 3 |  4- 6 |  7- 9 | 10-12 || total
-------------------------+-------+-------+-------+-------++-------
Melee: Dagger            |    10 |     4 |     3 |       ||    17
       Rapier            |       |       |     9 |   164 ||   173
       Punch             |       |       |       |     1 ||     1
       Headbutt          |       |       |       |    10 ||    10
Throw: Dart              |       |       |       |     1 ||     1
 Cast: Ensorcelled Hiber |       |     1 |     1 |    16 ||    18
       Dazzling Flash    |       |       |       |    14 ||    14
       Confusing Touch   |       |       |       |     4 ||     4
       Enfeeble          |       |       |       |     5 ||     5
Invok: Shadow Step       |       |       |     1 |     4 ||     5
       Shadow Form       |       |       |       |     1 ||     1
Evoke: Wand              |       |       |       |    11 ||    11
       Lightning rod     |       |       |       |     8 ||     8
  Use: Potion            |     1 |       |       |     6 ||     7
       Scroll            |       |       |       |    16 ||    16
 Stab: Sleeping          |     1 |     4 |     9 |    48 ||    62
       Invisible         |       |       |       |    12 ||    12
       Confused          |       |       |       |     3 ||     3
Armor: Robe              |       |       |       |     4 ||     4
Dodge: Dodged            |     2 |       |     2 |    91 ||    95

Table legend: (Time is in decaauts)
 A = Elapsed time spent in this place.
 B = Non-inter-level travel time spent in this place.
 C = Inter-level travel time spent in this place.
 D = Time resting spent in this place.
 E = Time spent auto-exploring this place.
 F = Levels seen in this place.
 G = Mean time per level.
                   A        B        C        D        E       F      G
               +--------+--------+--------+--------+--------+-----+--------+
         Total |   2658 |   2584 |     74 |   1392 |      0 |   1 | 2658.0 |
       Dungeon |   2658 |   2584 |     74 |   1392 |      0 |   1 | 2658.0 |
               +--------+--------+--------+--------+--------+-----+--------+

Top non-repeatable levels by time:
       D: 2658 daAuts
